 Dungeon Crawl Stone Soup version 0.30-a0-629-gd54f4be4f7 (webtiles) character file.

Game seed: 16166306698951182744

344 acebull12 the Poker (level 6, -10/48 HPs)
             Began as a Demonspawn Fighter on Jan 12, 2023.
             Splashed by a jelly's acid (11 damage)
             ... on level 4 of the Dungeon.
             The game lasted 00:03:17 (2748 turns).

acebull12 the Poker (Demonspawn Fighter)            Turns: 2748, Time: 00:03:18

Health: -10/48     AC: -4    Str: 18    XL:     6   Next: 31%
Magic:  6/6        EV:  9    Int: 10    God:
Gold:   116        SH:  4    Dex: 12    Spells: 5/5 levels left

rFire   . . .      SeeInvis .    a - +0 trident
rCold   . . .      Faith    .    c - +0 buckler
rNeg    . . .      Spirit   .    b - +0 scale mail
rPois   .          Reflect  .    (helmet restricted)
rElec   .          Harm     .    (no cloak)
rCorr   .          Rampage  .    (no gloves)
Will    .....                    (no boots) Stlth
                                 (no amulet)
HPRegen 0.28/turn                (no ring)
MPRegen 0.10/turn                (no ring)

@: corroded
A: claws 1, horns 2, demonic magic 1
a: no special abilities


You were on level 4 of the Dungeon.
You visited 1 branch of the dungeon, and saw 4 of its levels.

You collected 116 gold pieces.

Inventory:

Hand Weapons
 a - a +0 trident (weapon)
Missiles
 i - 3 poisoned darts (quivered)
 j - 45 stones
 l - 4 javelins
Armour
 b - a +0 scale mail (worn)
 c - a +0 buckler (worn)
Jewellery
 m - a ring of fire
 r - a ring of wizardry
Scrolls
 f - 6 scrolls of identify {unknown}
 k - a scroll of blinking {unknown}
 n - 2 scrolls of immolation {unknown}
 o - a scroll of vulnerability {unknown}
 q - a scroll of enchant weapon {unknown}
 u - a scroll of teleportation {unknown}
 v - a scroll of poison {unknown}
Potions
 d - a potion of might
 e - 2 potions of heal wounds {unknown}
 g - 2 potions of attraction {unknown}
 h - 2 potions of brilliance {unknown}
 p - a potion of flight {unknown}
 s - a potion of lignification {unknown}
 t - a potion of berserk rage {unknown}


   Skills:
 + Level 3.7 Fighting
 * Level 4.7 Polearms
 + Level 3.8 Armour
 + Level 0.1 Dodging
 + Level 0.2 Stealth
 + Level 3.1 Shields


You had 5 spell levels left.
You didn't know any spells.
Your spell library contained the following spells:

 Spells                   Type           Power      Damage    Failure   Level
 Necrotise                Necr           0%         1d4       83%         1
 Cigotuvi's Dreadful Rot  Necr/Pois/Air  0%         N/A       93%         2
 Poisonous Vapours        Pois/Air       0%         N/A       93%         2
 Mephitic Cloud           Conj/Pois/Air  0%         N/A       99%         3
 Portal Projectile        Hex/Tloc       0%         N/A       99%         3
 Tukima's Dance           Hex            0%         N/A       99%         3
 Vampiric Draining        Necr           0%         2d6       99%         3
 Agony                    Necr           0%         N/A       100%        5
 Blade Hands              Tmut           0%         N/A       100%        5


Dungeon Overview and Level Annotations

Branches:
Dungeon (4/15)
 Temple: D:4-7

Altars:


Innate Abilities, Weirdness & Mutations

You have sharp fingernails.
You have a pair of horns on your head.
Spells you cast may paralyse adjacent enemies.


Message History

The ball python bites you but does no damage.
The ball python constricts you. The jelly hits you but does no damage.
You hit the ball python.
The ball python is moderately wounded.
The ball python bites you. The ball python constricts you. The jelly hits you.
You are splashed with acid.
The ball python bites you but does no damage.
The ball python constricts you.
You barely miss the ball python.
The ball python is moderately wounded.
You block the ball python's attack. The ball python constricts you.
The jelly hits you. The acid corrodes you!
You are splashed with acid!
You hit the ball python.
You kill the ball python!
You block the jelly's attack.
You hit the jelly. The acid corrodes you!
Your claws burn!
You headbutt the jelly!
The jelly is heavily wounded.
The jelly hits you.
You are splashed with acid!
You are too injured to fight recklessly!
You are too injured to fight recklessly!
You are too injured to fight recklessly!
You are too injured to fight recklessly!
You are too injured to fight recklessly!
You completely miss the jelly.
The jelly is heavily wounded.
The jelly hits you. The acid corrodes you!
You are splashed with acid!
* * * LOW HITPOINT WARNING * * *
You hit the jelly but do no damage.
Your claws burn!
* * * LOW HITPOINT WARNING * * *
The jelly is heavily wounded.
The jelly closely misses you.
You hit the jelly but do no damage.
Your claws burn!
* * * LOW HITPOINT WARNING * * *
You headbutt the jelly, but do no damage.
The jelly is heavily wounded.
The jelly hits you.
* * * LOW HITPOINT WARNING * * *
The acid corrodes you!
You are splashed with acid!
You die...

##.# ##.###...#.# #...
#..#)#...#.# #...#
##.##.##..#.# #### #....
#..#...#..#.######..##
#....###.##...##.............
#.....#..#.....#.............
#....#..#.....#.............
#.##......J†........#......#
#....#####.@###.....###.....
####.# ##.# ##.....###...#
#.######.#####......##.##
#.........##.#...........
###.........#.......##...
##.......##......###...
#.......#........###..
#####......##......#..
..................


You could see a jelly.

Vanquished Creatures
  Sigmund (D:2)
  A necrophage (D:1)
  A hound (D:4)
  2 adders
  An ufetubus (D:4)
  A worm (D:2)
  4 orcs
  4 endoplasms
  3 giant cockroaches
  3 goblins
  4 hobgoblins
  5 jackals
  6 kobolds
  2 quokkas
  6 ball pythons
  A bat (D:2)
  2 frilled lizards (D:3)
  4 rats
51 creatures vanquished.

Vanquished Creatures (others)
  A plant (D:2)
1 creature vanquished.

Grand Total: 52 creatures vanquished

Notes
Turn   | Place    | Note
-------+----------+-------------------------------------------
     0 | D:1      | acebull12 the Demonspawn Fighter began the quest for the
                  | Orb.
     0 | D:1      | Reached XP level 1. HP: 18/18 MP: 1/1
   121 | D:1      | Discovered your monstrous ancestry.
   121 | D:1      | Gained mutation: You have a pair of small horns on your
                  | head. [demonic ancestry]
   121 | D:1      | Reached XP level 2. HP: 22/24 MP: 2/2
   228 | D:1      | Reached skill level 2 in Polearms
   449 | D:1      | Found a faded altar of an unknown god.
   863 | D:2      | Noticed a necrophage
   874 | D:1      | Killed a necrophage
   875 | D:1      | Gained mutation: You have a pair of horns on your head.
                  | [demonic ancestry]
   875 | D:1      | Reached XP level 3. HP: 18/29 MP: 3/3
   875 | D:1      | Reached XP level 4. HP: 22/35 MP: 4/4
   916 | D:1      | Reached skill level 3 in Polearms
  1012 | D:2      | Noticed Sigmund
  1023 | D:2      | Killed Sigmund
  1024 | D:2      | Reached skill level 4 in Polearms
  1024 | D:2      | Gained mutation: Spells you cast may paralyse adjacent
                  | enemies. [demonic ancestry]
  1024 | D:2      | Reached XP level 5. HP: 25/41 MP: 5/5
  1148 | D:2      | Gained mutation: You have sharp fingernails. [demonic
                  | ancestry]
  1148 | D:2      | Reached XP level 6. HP: 47/47 MP: 6/6
  2748 | D:4      | HP: 1/48 [acid (3)]
  2748 | D:4      | Splashed by a jelly's acid

Illustrated notes

Levels and vault maps discovered:
D:1:      giann_horns, layout_basic, shapermc_ecumenical_altar_starsandcircs
D:2:      layout_basic, serial_bayou_lagoon_b, uniq_sigmund
D:3:      layout_loops_cross, minmay_fountain_box
D:4:      layout_cave_pools, overflow_temple_1_default, ebering_ghost_gozag,
          minmay_misc_feat_x, serial_park_tiny_2, dreamdust_princess_bridge,
          minmay_unequal

Skill      XL: |  1  2  3  4 |
---------------+-------------+-----
Polearms       | 2 4 |  4.7
Shields        | 3 |  3.1
Armour         | 3 |  3.8
Fighting       | |  3.7
Dodging        | |  0.1
Stealth        | |  0.2

Action                   |  1- 3 |  4- 6 || total
-------------------------+-------+-------++-------
Melee: Trident           |    55 |   112 ||   167
       Headbutt          |     3 |    13 ||    16
Armor: Scale mail        |    14 |    58 ||    72
Dodge: Dodged            |    14 |    64 ||    78
Block: Buckler           |     7 |    25 ||    32

Table legend: (Time is in decaauts)
 A = Elapsed time spent in this place.
 B = Non-inter-level travel time spent in this place.
 C = Inter-level travel time spent in this place.
 D = Time resting spent in this place.
 E = Time spent auto-exploring this place.
 F = Levels seen in this place.
 G = Mean time per level.
                   A        B        C        D        E       F      G
               +--------+--------+--------+--------+--------+-----+--------+
         Total |   2786 |   2491 |    295 |      0 |   2130 |   4 |  696.5 |
       Dungeon |   2786 |   2491 |    295 |      0 |   2130 |   4 |  696.5 |
               +--------+--------+--------+--------+--------+-----+--------+

Top non-repeatable levels by time:
     D:1: 1137 daAuts
     D:2: 797 daAuts
     D:3: 618 daAuts
     D:4: 233 daAuts
